[ PARTIDA AOE2 · #495985461 ]
UnrankedAztecas vs Wu
Equipo del jugador · VICT
Equipo rival · DERR
[ ANÁLISIS DE REPETICIÓN · EXTRAÍDO DE LA PARTIDA GRABADA ]
Feudal
11:07
Castillos
21:25
Imperial
51:58
| APM promedio | 52.3 |
| APM pico | 99 |
| eAPM promedio | 35.5 |
| Aldeanos / militares | 358 / 355 |
Foco
⚔️ 31.8% · 🌾 68.2%
Jaguar Warrior ×121 · Skirmisher ×100 · Monk ×66 · Scorpion ×22 · Spearman ×14 · Archer ×13
Feudal
8:51
Castillos
21:29
Imperial
50:15
| APM promedio | 43.9 |
| APM pico | 79 |
| eAPM promedio | 25.3 |
| Aldeanos / militares | 248 / 214 |
Foco
⚔️ 36.4% · 🌾 63.6%
Scout Cavalry ×180 · Unknown (1968) ×107 · Unknown (1944) ×39 · Cavalry Archer ×20 · Unknown (1942) ×15 · Skirmisher ×7
Mapa de la partida
Recursos iniciales + cada clic de construcción. Líneas = muros · curvas = relieve. ◆ oro · ⬟ piedra · ● bayas · ✦ reliquia · ◌ hueco del cierre
Tu base· Abierta — el rival se encerró
Base de Talentless· ✓ Cerrada en 21:29 · 39t muro · 1 puerta(s)
Terreno inicial suavizado · ◌ = hueco del cierre detectado · pasá el cursor para detalles
Inputs por minuto
— SneakySalmon - - Talentless
Build order — SneakySalmon
Primeras 150 de 1098 acciones detectadas
| 0:00 | Crear | Villager (Male) |
| 0:01 | Crear | Villager (Male) |
| 0:01 | Crear | Villager (Male) |
| 0:01 | Crear | Villager (Male) |
| 0:01 | Crear | Villager (Male) |
| 0:02 | Construir | House |
| 0:03 | Construir | House |
| 1:18 | Crear | Villager (Male) |
| 1:19 | Crear | Villager (Male) |
| 2:00 | Crear | Villager (Male) |
| 2:00 | Crear | Villager (Male) |
| 2:22 | Construir | Lumber Camp |
| 2:23 | Crear | Villager (Male) |
| 2:49 | Crear | Villager (Male) |
| 2:49 | Crear | Villager (Male) |
| 2:49 | Crear | Villager (Male) |
| 3:13 | Crear | Villager (Male) |
| 3:13 | Crear | Villager (Male) |
| 3:13 | Crear | Villager (Male) |
| 3:43 | Crear | Villager (Male) |
| 3:58 | Construir | House |
| 4:02 | Crear | Villager (Male) |
| 4:17 | Construir | House |
| 4:32 | Crear | Villager (Male) |
| 5:12 | Crear | Villager (Male) |
| 5:22 | Construir | Barracks |
| 5:36 | Construir | House |
| 5:47 | Crear | Villager (Male) |
| 5:47 | Crear | Villager (Male) |
| 5:48 | Crear | Villager (Male) |
| 6:04 | Crear | Villager (Male) |
| 6:16 | Crear | Militia |
| 6:16 | Crear | Militia |
| 6:18 | Crear | Militia |
| 6:23 | Construir | Palisade Wall |
| 6:28 | Crear | Villager (Male) |
| 6:49 | Construir | Mill |
| 6:51 | Crear | Villager (Male) |
| 7:25 | Crear | Villager (Male) |
| 7:34 | Construir | House |
| 7:47 | Crear | Villager (Male) |
| 8:14 | Investigar | Loom |
| 8:57 | Investigar | Feudal Age |
| 9:07 | Construir | Lumber Camp |
| 9:23 | Construir | Mining Camp |
| 9:29 | Construir | Palisade Wall |
| 9:36 | Construir | House |
| 9:37 | Construir | Palisade Wall |
| 10:46 | Crear | Villager (Male) |
| 10:56 | Crear | Villager (Male) |
| 11:07 | Edad | Edad Feudal |
| 11:09 | Construir | Archery Range |
| 11:17 | Investigar | Double-Bit Axe |
| 11:33 | Construir | House |
| 11:36 | Construir | Palisade Wall |
| 11:55 | Crear | Villager (Male) |
| 11:55 | Crear | Villager (Male) |
| 12:03 | Construir | Farm |
| 12:04 | Crear | Archer |
| 12:04 | Crear | Archer |
| 12:26 | Construir | Farm |
| 12:40 | Crear | Villager (Male) |
| 12:40 | Crear | Villager (Male) |
| 12:40 | Crear | Villager (Male) |
| 12:42 | Crear | Archer |
| 12:42 | Crear | Archer |
| 13:03 | Crear | Villager (Male) |
| 13:03 | Crear | Villager (Male) |
| 13:06 | Construir | Farm |
| 13:25 | Construir | Farm |
| 13:34 | Crear | Villager (Male) |
| 13:34 | Crear | Villager (Male) |
| 13:35 | Crear | Archer |
| 13:35 | Crear | Archer |
| 13:55 | Crear | Villager (Male) |
| 13:56 | Crear | Villager (Male) |
| 14:02 | Construir | Farm |
| 14:03 | Crear | Archer |
| 14:23 | Crear | Villager (Male) |
| 14:32 | Construir | Blacksmith |
| 14:37 | Crear | Villager (Male) |
| 14:47 | Construir | Farm |
| 14:57 | Crear | Archer |
| 14:59 | Crear | Villager (Male) |
| 15:22 | Construir | Farm |
| 15:23 | Crear | Archer |
| 15:25 | Investigar | Fletching |
| 15:31 | Construir | Farm |
| 15:37 | Crear | Villager (Male) |
| 15:49 | Crear | Archer |
| 16:05 | Crear | Villager (Male) |
| 16:07 | Construir | Farm |
| 16:10 | Construir | Farm |
| 16:39 | Crear | Archer |
| 16:46 | Investigar | Wheelbarrow |
| 16:46 | Investigar | Wheelbarrow |
| 17:06 | Crear | Villager (Male) |
| 17:19 | Construir | Market |
| 18:45 | Investigar | Castle Age |
| 18:45 | Investigar | Castle Age |
| 19:25 | Investigar | Gold Mining |
| 19:31 | Crear | Eagle Scout |
| 19:32 | Crear | Eagle Scout |
| 20:11 | Investigar | Horse Collar |
| 20:54 | Crear | Villager (Male) |
| 21:25 | Edad | Edad de los Castillos |
| 21:33 | Construir | Monastery |
| 21:38 | Construir | Monastery |
| 21:40 | Investigar | Bow Saw |
| 21:50 | Crear | Villager (Male) |
| 21:57 | Construir | Palisade Wall |
| 22:18 | Crear | Villager (Male) |
| 22:20 | Construir | Siege Workshop |
| 22:21 | Crear | Monk |
| 22:24 | Crear | Monk |
| 22:29 | Crear | Villager (Male) |
| 22:50 | Crear | Villager (Male) |
| 22:52 | Investigar | Sanctity |
| 22:59 | Crear | Mangonel |
| 23:02 | Construir | House |
| 23:04 | Construir | Farm |
| 23:14 | Crear | Villager (Male) |
| 23:17 | Crear | Monk |
| 23:17 | Crear | Monk |
| 23:35 | Construir | Monastery |
| 23:37 | Crear | Monk |
| 23:38 | Crear | Monk |
| 23:42 | Crear | Scorpion |
| 23:48 | Crear | Villager (Male) |
| 23:52 | Construir | Farm |
| 24:01 | Construir | House |
| 24:07 | Crear | Villager (Male) |
| 24:11 | Crear | Monk |
| 24:15 | Crear | Scorpion |
| 24:20 | Construir | House |
| 24:20 | Crear | Villager (Male) |
| 24:26 | Crear | Monk |
| 24:27 | Crear | Monk |
| 24:27 | Crear | Monk |
| 24:49 | Crear | Villager (Male) |
| 24:50 | Crear | Monk |
| 24:50 | Crear | Monk |
| 25:04 | Crear | Monk |
| 25:04 | Crear | Monk |
| 25:04 | Crear | Monk |
| 25:07 | Crear | Villager (Male) |
| 25:11 | Construir | House |
| 25:38 | Crear | Monk |
| 25:39 | Crear | Monk |
| 25:39 | Crear | Monk |
Build order — Talentless
Primeras 150 de 794 acciones detectadas
| 0:00 | Crear | Villager (Male) |
| 0:00 | Crear | Villager (Male) |
| 0:00 | Crear | Villager (Male) |
| 0:02 | Construir | House |
| 0:03 | Construir | House |
| 0:15 | Crear | Villager (Male) |
| 0:15 | Crear | Villager (Male) |
| 1:35 | Crear | Villager (Male) |
| 1:35 | Crear | Villager (Male) |
| 2:02 | Crear | Villager (Male) |
| 2:17 | Construir | Lumber Camp |
| 2:29 | Crear | Villager (Male) |
| 2:29 | Crear | Villager (Male) |
| 2:56 | Crear | Villager (Male) |
| 3:40 | Crear | Villager (Male) |
| 3:40 | Crear | Villager (Male) |
| 3:51 | Construir | House |
| 3:52 | Construir | House |
| 4:02 | Construir | House |
| 4:05 | Crear | Villager (Male) |
| 4:05 | Crear | Villager (Male) |
| 4:35 | Crear | Villager (Male) |
| 4:35 | Crear | Villager (Male) |
| 4:35 | Crear | Villager (Male) |
| 4:56 | Crear | Villager (Male) |
| 4:56 | Crear | Villager (Male) |
| 5:20 | Crear | Villager (Male) |
| 5:20 | Crear | Villager (Male) |
| 5:39 | Construir | Barracks |
| 5:51 | Crear | Villager (Male) |
| 5:51 | Investigar | Loom |
| 6:30 | Investigar | Feudal Age |
| 6:30 | Investigar | Feudal Age |
| 6:56 | Crear | Militia |
| 6:57 | Crear | Militia |
| 7:09 | Crear | Militia |
| 7:24 | Crear | Militia |
| 8:09 | Construir | Mining Camp |
| 8:13 | Construir | House |
| 8:38 | Construir | Palisade Gate |
| 8:51 | Edad | Edad Feudal |
| 8:53 | Crear | Villager (Male) |
| 9:15 | Crear | Militia |
| 9:15 | Investigar | Man-at-Arms (upgrade) |
| 9:18 | Investigar | Man-at-Arms (upgrade) |
| 9:20 | Crear | Villager (Male) |
| 9:29 | Investigar | Double-Bit Axe |
| 9:44 | Construir | Mill |
| 9:46 | Crear | Villager (Male) |
| 10:16 | Crear | Villager (Male) |
| 10:16 | Crear | Villager (Male) |
| 10:35 | Construir | Farm |
| 10:35 | Construir | Farm |
| 10:46 | Crear | Villager (Male) |
| 10:56 | Construir | Farm |
| 11:10 | Crear | Villager (Male) |
| 11:35 | Construir | Archery Range |
| 11:39 | Crear | Villager (Male) |
| 11:39 | Crear | Villager (Male) |
| 11:45 | Construir | Farm |
| 12:04 | Crear | Villager (Male) |
| 12:04 | Crear | Villager (Male) |
| 12:07 | Construir | Farm |
| 12:30 | Crear | Skirmisher |
| 12:32 | Construir | House |
| 12:51 | Construir | House |
| 12:51 | Crear | Villager (Male) |
| 12:51 | Crear | Villager (Male) |
| 12:52 | Crear | Villager (Male) |
| 12:54 | Construir | Farm |
| 13:04 | Crear | Skirmisher |
| 13:21 | Construir | Palisade Wall |
| 13:28 | Construir | Farm |
| 13:36 | Crear | Skirmisher |
| 13:39 | Crear | Villager (Male) |
| 13:46 | Construir | Farm |
| 14:08 | Crear | Villager (Male) |
| 14:11 | Construir | Farm |
| 14:19 | Construir | Farm |
| 14:23 | Crear | Villager (Male) |
| 14:41 | Construir | Farm |
| 14:45 | Construir | Farm |
| 14:48 | Construir | Farm |
| 14:52 | Construir | Palisade Wall |
| 14:54 | Construir | Palisade Wall |
| 14:58 | Crear | Villager (Male) |
| 15:02 | Construir | Farm |
| 15:20 | Construir | Palisade Wall |
| 15:23 | Crear | Villager (Male) |
| 15:27 | Construir | Farm |
| 15:48 | Crear | Skirmisher |
| 16:05 | Crear | Villager (Male) |
| 16:28 | Construir | Blacksmith |
| 16:33 | Crear | Villager (Male) |
| 16:37 | Crear | Skirmisher |
| 16:49 | Construir | Farm |
| 16:50 | Crear | Villager (Male) |
| 16:58 | Crear | Skirmisher |
| 17:00 | Construir | Palisade Wall |
| 17:07 | Construir | House |
| 17:15 | Investigar | Padded Archer Armor |
| 17:18 | Crear | Skirmisher |
| 17:21 | Crear | Villager (Male) |
| 17:24 | Construir | Farm |
| 17:31 | Construir | House |
| 17:59 | Crear | Villager (Male) |
| 17:59 | Crear | Villager (Male) |
| 18:27 | Construir | Palisade Wall |
| 18:28 | Construir | Palisade Wall |
| 18:49 | Investigar | Castle Age |
| 19:13 | Construir | Palisade Wall |
| 19:14 | Construir | Palisade Wall |
| 19:20 | Investigar | Fletching |
| 19:45 | Investigar | Gold Mining |
| 19:47 | Investigar | Horse Collar |
| 19:59 | Construir | Archery Range |
| 20:06 | Construir | Palisade Wall |
| 20:08 | Construir | Palisade Wall |
| 20:58 | Construir | Stable |
| 21:18 | Crear | Villager (Male) |
| 21:18 | Crear | Villager (Male) |
| 21:29 | Edad | Edad de los Castillos |
| 21:31 | Crear | Cavalry Archer |
| 21:31 | Crear | Cavalry Archer |
| 21:31 | Crear | Cavalry Archer |
| 21:34 | Investigar | Bodkin Arrow |
| 21:44 | Construir | Lumber Camp |
| 21:47 | Construir | Town Center |
| 21:56 | Crear | Cavalry Archer |
| 21:59 | Crear | Villager (Male) |
| 22:05 | Construir | Farm |
| 22:06 | Investigar | Bloodlines |
| 22:26 | Crear | Cavalry Archer |
| 22:37 | Investigar | Bow Saw |
| 22:45 | Crear | Villager (Male) |
| 22:54 | Construir | Farm |
| 22:55 | Crear | Cavalry Archer |
| 22:56 | Crear | Cavalry Archer |
| 22:59 | Crear | Villager (Male) |
| 23:13 | Construir | House |
| 23:14 | Construir | House |
| 23:21 | Crear | Cavalry Archer |
| 23:32 | Crear | Villager (Male) |
| 23:32 | Crear | Villager (Male) |
| 23:32 | Crear | Villager (Male) |
| 23:42 | Construir | Lumber Camp |
| 23:51 | Crear | Villager (Male) |
| 23:52 | Construir | Farm |
| 24:03 | Crear | Cavalry Archer |
| 24:03 | Crear | Cavalry Archer |
Cronología de la partida
| 5:22 | SneakySalmon · first_building Barracks |
| 5:39 | Talentless · first_building Barracks |
| 6:23 | SneakySalmon · wall_segment Palisade Wall x6 |
| 8:51 | Talentless · age_up feudal |
| 9:29 | SneakySalmon · wall_segment Palisade Wall x8 |
| 9:37 | SneakySalmon · wall_segment Palisade Wall x4 |
| 11:07 | SneakySalmon · age_up feudal |
| 11:09 | SneakySalmon · first_building Archery Range |
| 11:35 | Talentless · first_building Archery Range |
| 11:36 | SneakySalmon · wall_segment Palisade Wall x7 |
| 13:21 | Talentless · wall_segment Palisade Wall x9 |
| 14:52 | Talentless · wall_segment Palisade Wall x1 |
| 14:54 | Talentless · wall_segment Palisade Wall x8 |
| 15:20 | Talentless · wall_segment Palisade Wall x6 |
| 17:00 | Talentless · wall_segment Palisade Wall x1 |
| 18:26 | SneakySalmon · first_market_sell 100 stone |
| 18:27 | SneakySalmon · first_market_buy 100 food |
| 18:27 | Talentless · wall_segment Palisade Wall x4 |
| 18:28 | Talentless · wall_segment Palisade Wall x1 |
| 19:13 | Talentless · wall_segment Palisade Wall x5 |
| 19:14 | Talentless · wall_segment Palisade Wall x2 |
| 20:06 | Talentless · wall_segment Palisade Wall x1 |
| 20:08 | Talentless · wall_segment Palisade Wall x3 |
| 20:58 | Talentless · first_building Stable |
| 21:25 | SneakySalmon · age_up castle |
| 21:29 | Talentless · age_up castle |
| 21:33 | SneakySalmon · first_building Monastery |
| 21:57 | SneakySalmon · wall_segment Palisade Wall x7 |
| 22:20 | SneakySalmon · first_building Siege Workshop |
| 24:09 | Talentless · wall_segment Palisade Wall x1 |
| 25:20 | Talentless · first_building Siege Workshop |
| 26:32 | Talentless · first_building Monastery |
| 28:34 | Talentless · first_market_sell 100 wood |
| 28:37 | Talentless · first_market_buy 100 stone |
| 32:35 | Talentless · first_building Castle |
| 49:39 | SneakySalmon · first_building Castle |
| 50:15 | Talentless · age_up imperial |
| 51:58 | SneakySalmon · age_up imperial |
| 66:47 | SneakySalmon · wall_segment Stone Wall x21 |
| 66:48 | SneakySalmon · wall_segment Stone Wall x1 |
| 77:08 | Talentless · resign |
[ ANÁLISIS IA · 1 CRÉDITO ]
¿Qué pasó realmente en esta partida?
Wolo.gg analiza cada decisión: build order, eco, micro, errores típicos por bracket. Análisis personalizado por WhatsApp o Discord en 30 segundos.
Guía civ
Aztecas
Perfil
Jugador #1790613